 Dungeon Crawl Stone Soup version 0.16-a0-139-gc9fe9b1 (webtiles) character file.

5 Bloax the Charmwright (level 1, -1/11 HPs)
             Began as a Vine Stalker Skald on Aug 14, 2014.
             Slain by a hobgoblin
             ... wielding a +0 club
              (5 damage)
             ... on Level 1 of the Dungeon.
             The game lasted 00:00:19 (58 turns).

Bloax the Charmwright (Vine Stalker Skald)            Turns: 58, Time: 00:00:20

HP  -1/11        AC  3     Str 14      XL: 1   Next: 80%
MP   0/3         EV 10     Int 12      God:
Gold 0           SH  0     Dex 13      Spells:  1 memorised,  3 levels left

rFire  . . .     SeeInvis .     a - +0 short sword
rCold  . . .     Clarity  .     b - +0 leather armour
rNeg   . . .     rCorr    .     (no shield)
rPois  .         rRot     +     (no helmet)
rElec  .         Spirit   +     (no cloak)
SustAb .         Warding  .     (no gloves)
rMut   .         Stasis   .     (no boots)
Gourm  .                        (no amulet)
MR     .....                    (no ring)
                                (no ring)

@: infused, not resistant to hostile enchantments, very unstealthy
A: fangs 2, regeneration 1, magic shield, antimagic bite, no device heal 3, rot
immunity
a: no special abilities


You were on level 1 of the Dungeon.
You were not hungry.

You visited 1 branch of the dungeon, and saw 1 of its levels.


Innate Abilities, Weirdness & Mutations

You have extremely sharp teeth.
Your natural rate of healing is unusually fast.
When hurt, damage is shared between your health and your magic reserves.
Your bite disrupts and absorbs the magic of your enemies.
Potions and wands cannot restore your health.
You are immune to rotting.


   Skills:
 - Level 1.7 Fighting
 + Level 2.1 Short Blades
 - Level 0.7 Armour
 - Level 0.7 Dodging
 + Level 2.3 Spellcasting
 - Level 3.0 Charms


You had 3 spell levels left.
You knew the following spells:

 Your Spells              Type           Power        Failure   Level  Hunger
a - Infusion              Chrm           #.....       10%         1    ##.....


Dungeon Overview and Level Annotations

Branches:
Dungeon (1/15)

Altars:

Inventory:

Hand weapons
 a - a +0 short sword (weapon)
Armour
 b - a +0 leather armour (worn)
Comestibles
 d - a bread ration
Scrolls
 e - a scroll of remove curse {unknown}
 f - 2 scrolls of immolation {unknown}
Books
 c - a book of Battle

   Spells                             Type                      Level
   *Infusion                          Charms                       1
   Shroud of Golubria                 Charms/Translocation         2
   Song of Slaying                    Charms                       2
   Spectral Weapon                    Hexes/Charms                 3
   Regeneration                       Charms/Necromancy            3

##.##.###%.#####.....
..................#
##.######..(#.#####
#.........(#..######.
#######...##........
#...##.######.
#.####### #...##.#
### #..(.lg.#
#...##%###.### #@#
#...#%...#...#
##K###.....###.....
#...##.....# ##.##.
.###.#.#.......#
#..#.
.......?.......#
##..#
.#.#.###......## #..#
#.## #...#..## ##.. .
#.#..#.## #..
.......?. #...


You could see a hobgoblin, a kobold and a giant newt.


Message History

Found a scroll labeled MAHOTZUEMU.
A kobold comes into view. It is wielding a short sword.
The kobold shouts!
A kobold comes into view.
The kobold shouts!
Found two items.
You see here a scroll labeled MAHOTZUEMU.
e - a scroll labeled MAHOTZUEMU The kobold hits you but does no damage.
Found a ring mail.
You hit the kobold.
You kill the kobold!
Your Short Blades skill increases to level 2!
The kobold throws a stone.
The stone barely misses you. The kobold hits you with a short sword.
You see here a kobold corpse.
You closely miss the kobold.
Your magical infusion is running out.
The kobold hits you with a short sword.
You hit the kobold.
You kill the kobold!
No target in view!
No target in view!
You are no longer magically infusing your attacks.
Found a scroll labeled ZYNTUVAABU.
f - 2 scrolls labeled ARAGINKIAP
Found a meat ration.
Found a scroll labeled PSUWKEISUI.
A bat and a hobgoblin come into view.
The hobgoblin shouts!
The bat hits you but does no damage.
A kobold comes into view.
The bat closely misses you. The bat hits you but does no damage.
You closely miss the hobgoblin. The bat closely misses you.
The hobgoblin hits you with a club.
You hit the hobgoblin. You bite the hobgoblin. You drain its power.
You feel invigorated.
The hobgoblin is almost dead.
The bat closely misses you. The hobgoblin hits you with a club.
Casting: Infusion You begin infusing your attacks with magical energy.
The hobgoblin hits you but does no damage.
The kobold closely misses you.
A giant newt and a hobgoblin come into view.
The hobgoblin shouts!
Found 21 bolts.
You barely miss the hobgoblin. You bite the hobgoblin. You drain its power.
You feel invigorated.
You kill the hobgoblin!
You hit the kobold.
The kobold is severely wounded.
The kobold barely misses you.
The hobgoblin hits you but does no damage.
You closely miss the kobold.
The kobold is severely wounded.
The kobold hits you but does no damage.
You hit the kobold but do no damage.
The kobold is severely wounded.
The hobgoblin hits you with a club. The kobold closely misses you.
Unknown command.
You hit the hobgoblin.
The hobgoblin is almost dead.
The hobgoblin hits you with a club.
* * * LOW HITPOINT WARNING * * *
The kobold closely misses you.
You hit the hobgoblin but do no damage.
The hobgoblin is almost dead.
The hobgoblin hits you with a club.
You die...

Action                   || total
-------------------------++-------
Melee: Short sword       ||    17
 Cast: Infusion          ||     2

Vault maps used:
D:1:      dpeg_arrival_round_c

Notes
Turn   | Place    | Note
--------------------------------------------------------------
     0 | D:1      | Bloax, the Vine Stalker Skald, began the quest for the Orb.
     0 | D:1      | Reached XP level 1. HP: 11/11 MP: 3/3
    26 | D:1      | Reached skill level 2 in Short Blades
    58 | D:1      | Slain by a hobgoblin

Vanquished Creatures
  A giant cockroach (D:1)
  A hobgoblin (D:1)
  2 kobolds (D:1)
  A rat (D:1)
5 creatures vanquished.
